AoeStats
← faeL

Arabia

510854457Analyzed
1v1 RM · 1d ago on Oct 2, 2026· 56m 11s· 2 players
Game mode
Random Map
Map size
Tiny (2 player)
Population
200
Speed
Normal
Resources
Standard
Victory
Conquest
Starting age
Dark Age
Ending age
Imperial Age
RankedLock teamsTeams togetherTeam positionsShared explorationLock speedFull tech treeHidden civsTurbo modeCheats
Victory
Defeat
🇧🇷 Persians · Brazil
478
+21
🇹🇷 Portuguese · Türkiye
584
-21
faeL
9:07 Loom
12:19 Feudal Age
12:39 Double-Bit Axe
12:37 Horse Collar
22:20 Wheelbarrow
26:37 Castle Age
24:52 Bloodlines
26:06 Scale Barding Armor
27:20 Husbandry
28:13 Chain Barding Armor
28:07 Bow Saw
28:49 Heavy Plow
33:37 Ballistics
34:42 Gold Mining
34:52 Crossbowman
35:38 Thumb Ring
39:48 Imperial Age
39:57 Cavalier
41:42 Chemistry
42:45 Kamandaran
44:03 Forging
43:45 Fletching
45:32 Bodkin Arrow
46:13 Iron Casting
49:05 Savar
Korgetix
0:28 Loom
16:45 Feudal Age
17:12 Horse Collar
20:43 Double-Bit Axe
24:21 Castle Age
28:31 Wheelbarrow
30:02 Pikeman
40:29 Husbandry
49:40 Treadmill Crane
56:36 Bow Saw
Connection lost

Rejoining the realm…

Still unreachable

The connection could not be restored.

Session expired

The server has moved on; the page needs a fresh start.